 Dungeon Crawl Stone Soup version 0.22-a0-322-g60b3cfd (webtiles) character file.

261 sankara the Ruffian (level 5, 0/40 HPs)
             Began as a Minotaur Transmuter on Apr 2, 2018.
             Slain by a worker ant (6 damage)
             ... on level 3 of the Dungeon.
             The game lasted 00:07:30 (3127 turns).

sankara the Ruffian (Minotaur Transmuter)           Turns: 3127, Time: 00:07:30

Health: 0/40       AC:  3    Str: 19    XL:     5   Next: 96%
Magic:  6/6        EV: 11    Int: 11    God:
Gold:   103        SH:  0    Dex: 11    Spells: 0/6 levels left

rFire    . . .     SeeInvis .     - Unarmed
rCold    . . .     Gourm    .   (no shield)
rNeg     . . .     Faith    .   b - +0 robe
rPois    .         Spirit   .   (helmet restricted)
rElec    .         Reflect  .   (no cloak)
rCorr    .         Harm     .   e - +0 pair of gloves
MR       .....                  (boots currently unavailable)
Stlth    +.........             (no amulet)
HPRegen  0.13/turn              (no ring)
MPRegen  0.10/turn              (no ring)

@: mighty, lethally poisoned (0 -> -4), appendage (expiring), heavily drained
A: retaliatory headbutt, horns 2, talons 3
a: End Transformation


You were on level 3 of the Dungeon.
You were not hungry.
You had grown temporary talons.
You visited 1 branch of the dungeon, and saw 3 of its levels.

You collected 103 gold pieces.

Inventory:

Hand Weapons
 l - a +1 dagger of venom
   (You took it off a kobold on level 2 of the Dungeon)
Missiles
 a - 31 arrows
 g - 131 stones (quivered)
Armour
 b - a +0 robe (worn)
 e - a +0 pair of gloves (worn)
   (You found it on level 1 of the Dungeon)
Scrolls
 h - 3 scrolls of remove curse {unknown}
 j - 2 scrolls of identify {unknown}
 m - a scroll of fog {unknown}
Potions
 f - 2 potions of curing {unknown}
 i - a potion of flight {unknown}
 k - 2 potions of magic {unknown}
 n - a potion of might
Comestibles
 c - 3 chunks of flesh {@w0}
 d - 6 rations


   Skills:
 - Level 1.2(0.0) Fighting
 - Level 2.1(0.6) Dodging
 + Level 5.7(3.9) Unarmed Combat
 - Level 1.3(0.0) Spellcasting
 + Level 3.8(2.2) Transmutations


You couldn't memorise any spells.
You knew the following spells:

 Your Spells              Type           Power        Failure   Level  Hunger
a - Beastly Appendage     Tmut           #.....       14%         1    ##.....
b - Sticks to Snakes      Tmut           #.......     22%         2    ###....
c - Spider Form           Tmut/Pois      #.........   56%         3    ####...


Dungeon Overview and Level Annotations

Branches:
Dungeon (3/15)

Altars:
Hepliaklqana
Qazlal


Innate Abilities, Weirdness & Mutations

You reflexively headbutt those who attack you in melee.
You have a pair of horns on your head.
You have claws for feet.


Message History

The adder skeleton is moderately damaged.
The adder skeleton bites you.
You hit the adder skeleton but do no damage.
Your headbutt misses the adder skeleton.
The adder skeleton is moderately damaged.
The adder skeleton barely misses you.
You hit the adder skeleton.
Your headbutt misses the adder skeleton.
The adder skeleton is moderately damaged.
The adder skeleton bites you.
You barely miss the adder skeleton. You headbutt the adder skeleton.
The adder skeleton is heavily damaged.
The adder skeleton bites you.
You hit the adder skeleton.
You destroy the adder skeleton!
Magic restored.
Your magical contamination has completely faded away.
Found a stone staircase leading down.
An orc comes into view. It is wielding a hand axe.
The orc shouts!
Casting: Beastly Appendage (safe; 14% risk of failure)
Confirm with . or Enter, or press ? or * to list all spells.
You miscast Beastly Appendage.
You are very lightly contaminated with residual magic.
Multicoloured lights dance before your eyes!
The orc closely misses you.
You barely miss the orc. The orc hits you with a hand axe.
An orc comes into view. It is wielding a war axe.
Casting: Beastly Appendage (safe; 14% risk of failure)
Confirm with . or Enter, or press ? or * to list all spells.
Your feet morph into talons.
The orc shouts!
The orc hits you with a hand axe!
You barely miss the orc. You claw the orc.
The orc is lightly wounded.
The orc closely misses you.
You punch the orc!
You kill the orc!
The orc barely misses you.
You see here a hand axe.
You closely miss the orc. You claw the orc.
The orc is severely wounded.
You barely miss the orc.
The orc is severely wounded.
Your transformation is almost over.
The orc hits you but does no damage.
You hit the orc but do no damage. Your kick misses the orc.
The orc is severely wounded.
The orc misses you. You furiously retaliate!
You headbutt the orc!
You kill the orc!
You now have 103 gold pieces (gained 10).
Things that are here:
a war axe; a chain mail There isn't anything to butcher here.
You start resting.
Your talons disappear.
You start resting.
Magic restored.
Your magical contamination has completely faded away.
You start resting.
A worker ant comes into view.
Casting: Beastly Appendage (safe; 14% risk of failure)
Confirm with . or Enter, or press ? or * to list all spells.
Your feet morph into talons.
You closely miss the worker ant. Your headbutt misses the worker ant.
You punch the worker ant.
The worker ant is lightly wounded.
The worker ant bites you.
You are poisoned.
The worker ant poisons you!
You hit the worker ant but do no damage.
You claw the worker ant.
The worker ant is moderately wounded.
Your transformation is almost over.
You feel sick. The worker ant barely misses you.
You barely miss the worker ant.
The worker ant is moderately wounded.
You feel sick. The worker ant barely misses you.
You closely miss the worker ant. Your kick misses the worker ant.
The worker ant is moderately wounded.
The worker ant bites you. The worker ant barely misses you.
You hit the worker ant. You headbutt the worker ant.
The worker ant is heavily wounded.
You feel sick. The worker ant bites you.
* * * LOW HITPOINT WARNING * * *
You hit the worker ant but do no damage.
Your kick misses the worker ant.
The worker ant is heavily wounded.
You feel sick. The worker ant barely misses you.
You hit the worker ant. Your kick misses the worker ant.
The worker ant is severely wounded.
The worker ant bites you.
* * * LOW HITPOINT WARNING * * *
You hit the worker ant.
The worker ant is almost dead.
You feel sick. The worker ant barely misses you.
It was a potion of might.
You feel very mighty all of a sudden. The worker ant bites you.
You die...

#..# ###.....## #### #..#
.........# ## ....# #..#
####..###.## #.
.....##..###.....# #..# #.
.....>#..##...#..###..# #.
............#.........# #.
[.....#..##.....##.##.#####. #..
.......))###a#..##.......... #.#
#..[###....@.#..#######.###. #.#
##.# ########..# #.# #. #.# #.#
##..#######.# #. #.# #>#
#.........#.# #. #.# #.#
#...#####.#.###.
#.#####.##########...# ##.......
#.##..<..............####..(.....
#....##.....######...........####
.....######.# #>.......####


You could see a worker ant.

Vanquished Creatures
  An ice beast (D:2)
  4 gnolls (D:2)
  4 adders
  An adder skeleton (D:3)
  3 worms
  3 dart slugs
  4 leopard geckos
  7 orcs (D:3)
  7 bats
  5 giant cockroaches
  4 goblins
  4 hobgoblins
  10 jackals
  3 frilled lizards
  8 kobolds
  7 rats
75 creatures vanquished.

Notes
Turn   | Place    | Note
-------+----------+-------------------------------------------
     0 | D:1      | sankara the Minotaur Transmuter began the quest for the Orb.
     0 | D:1      | Reached XP level 1. HP: 16/16 MP: 1/1
   247 | D:1      | Reached XP level 2. HP: 19/23 MP: 0/3
   251 | D:1      | Learned a level 2 spell: Sticks to Snakes
   309 | D:1      | Reached skill level 2 in Transmutations
   494 | D:1      | Reached skill level 4 in Unarmed Combat
   636 | D:1      | Reached XP level 3. HP: 28/28 MP: 2/4
  1306 | D:2      | Noticed an ice beast
  1321 | D:2      | Killed an ice beast
  1321 | D:2      | Reached skill level 5 in Unarmed Combat
  1321 | D:2      | Reached skill level 3 in Transmutations
  1321 | D:2      | Reached XP level 4. HP: 19/35 MP: 0/5
  1321 | D:2      | Reached XP level 5. HP: 22/40 MP: 0/6
  1744 | D:2      | Found a hazy altar of Hepliaklqana.
  1947 | D:2      | Found a stormy altar of Qazlal.
  2419 | D:2      | Learned a level 3 spell: Spider Form
  3125 | D:3      | HP: 7/40 [worker ant (4)]
  3127 | D:3      | Slain by a worker ant

Vault maps used:
D:1:      sevenhm_arrival_forest_fort_large_4
D:2:      lemuel_crystal_altar, old_standard_altar, minmay_large_rounded_square,
          minmay_misc_feat_enclosed, item_on_display_a
D:3:      makhleb_grotto_becter, first_ration

Skill      XL: |  1  2  3 |
---------------+----------+-----
Transmutations | 2 3 |  3.8
Unarmed Combat | 4 5 |  5.7
Fighting       | |  1.2
Dodging        | |  2.1
Spellcasting   | |  1.3

Action                   |  1- 3 |  4- 6 || total
-------------------------+-------+-------++-------
Melee: Unarmed           |    93 |   113 ||   206
       Kick              |    10 |    15 ||    25
       Headbutt          |     7 |    15 ||    22
       Punch             |     1 |     3 ||     4
 Cast: Beastly Appendage |    20 |    23 ||    43
       Sticks to Snakes  |     2 |       ||     2
  Use: Potion            |       |     1 ||     1
 Stab: Sleeping          |       |     1 ||     1
  Eat: Chunk             |     2 |     7 ||     9
Armor: Robe              |    19 |    18 ||    37
Dodge: Dodged            |    49 |    59 ||   108

Table legend:
 A = Spawn XP
 B = Non-spawn XP
 C = Spawn XP percentage of total XP
 D = Spawn monster count
 E = Non-spawn monster count
 F = Spawn count percentage of total count
 G = Total turns spent on level
                    A         B        C        D         E        F      G
               +---------+---------+-------+---------+---------+-------+---------
         Total |       0 |     373 |   0.0 |       0 |      75 |   0.0 |  3127
               +---------+---------+-------+---------+---------+-------+---------
           D:1 |       0 |      51 |   0.0 |       0 |      25 |   0.0 |   933
           D:2 |       0 |     260 |   0.0 |       0 |      31 |   0.0 |  1493
           D:3 |       0 |      62 |   0.0 |       0 |      19 |   0.0 |   701
               +---------+---------+-------+---------+---------+-------+---------

Vault maps used:
D:1:      sevenhm_arrival_forest_fort_large_4
D:2:      lemuel_crystal_altar, old_standard_altar, minmay_large_rounded_square,
          minmay_misc_feat_enclosed, item_on_display_a
D:3:      makhleb_grotto_becter, first_ration

Table legend:
 A = Turns spent in this place as a percentage of turns spent in the entire game.
 B = Non-inter-level travel turns spent in this place as a percentage of non-inter-level travel turns spent in the entire game.
 C = Inter-level travel turns spent in this place as a percentage of turns spent in this place.
 D = Turns resting spent in this place as a percentage of non-inter-level travel turns spent in this place.
 E = Turns spent auto-exploring this place as a percentage of non-inter-level travel turns spent in this place.
 F = Non-inter-level travel turns spent in this place divided by the number of levels of this place that you've seen.
                   A       B       C       D       E      F
               +-------+-------+-------+-------+-------+----------------------
         Total | 100.0 | 100.0 |   1.3 |  35.4 |  43.7 | 1029.0
       Dungeon | 100.0 | 100.0 |   1.3 |  35.4 |  43.7 | 1029.0
               +-------+-------+-------+-------+-------+----------------------

Table legend:
 A = Kills in this place as a percentage of kills in entire the game.
 B = Kills by you in this place as a percentage of kills by you in the entire game.
 C = Kills by friends in this place as a percentage of kills by friends in the entire game.
 D = Other kills in this place as a percentage of other kills in the entire game.
 E = Experience gained in this place as a percentage of experience gained in the entire game.
 F = Experience gained in this place divided by the number of levels of this place that you have seen.
                   A       B       C       D       E      F
               +-------+-------+-------+-------+-------+----------------------
         Total | 100.0 | 100.0 |   N/A |   N/A | 100.0 | 124.3
       Dungeon | 100.0 | 100.0 |   N/A |   N/A | 100.0 | 124.3
               +-------+-------+-------+-------+-------+----------------------
